Description

Roach timing push, 200/200 at 8:30

Build Order

Get SALT Encoding   

  13  0:13  Overlord  
  17  0:52  Hatchery  
  18  1:00  Extractor  
  18  1:18  Spawning Pool  
  19  1:41  Overlord  
  20  2:04  Zergling x2, Queen x2  
  22  2:12  Metabolic Boost  
  41  3:30  Hatchery  @Full saturation
  41  3:45  Extractor x2  2 Drones to Gas
  41  3:50  Roach Warren  
  41  3:55  Zergling x10  
  51  4:30  Roach x3  @Roach Warren
  54  4:35  Lair  
  54  5:00  Evolution Chamber x2  
  54  5:30  Zerg Missile Weapons Level 1  @Lair +1+1+Roach speed
  54  6:30  Extractor x3  @Max saturation
  60  7:00  Roach x70  
  200  8:30  Action  @Upgrades - Push
Spawning Tool Build Advisor. Get it on Overwolf

Go to:

Details

  • Created by: Wymiatator
  • Published on: Mar 29, 2019
  • Modified on: Mar 29, 2019
  • Patch: 4.7.1
Show
View Real Time Build Order
Export as new Build Order

Comments (1)

On April 3, 2019, 5:16 p.m., Sorandom  said:

Too much gas, not enough minerai, start at 7:00 for push at 8:30 is not possible

Create an account to comment!